 Dungeon Crawl Stone Soup version 0.31.0-11-ge490571c62 (webtiles) character file.

Game seed: 12160963166466981606

126 Ekaitz the Insei (level 4, -1/35 HPs)
             Began as a Demigod Shapeshifter on Feb 4, 2024.
             Slain by an orc wizard
             ... wielding a +2 dagger of venom
              (2 damage)
             ... on level 3 of the Dungeon.
             The game lasted 00:05:36 (1687 turns).

Ekaitz the Insei (Demigod Shapeshifter)             Turns: 1687, Time: 00:05:37

Health: -1/35      AC:  4    Str: 15    XL:     4   Next: 54%
Magic:  7/7        EV: 12    Int: 12    God:
Gold:   44         SH:  0    Dex: 17    Spells: 4/4 levels left

rFire   + .          .
                       - Unarmed
rCold   . . .        (no shield)
rNeg    . . .        e - +2 robe {rF+}
rPois   .            (helmet currently unavailable)
rElec   .            (cloak currently unavailable)
rCorr   .            (gloves currently unavailable)
SInv    .            (boots currently unavailable)
Will    .....        (no amulet)
Stlth   ++           (no ring)
HPRegen 0.25/turn    (no ring)
MPRegen 0.10/turn

%: no passive effects
@: beast-form
A: beast (slay +1), high MP 1, forlorn, divine attributes
a: Begin Untransformation


You were on level 3 of the Dungeon.
You were a hulking beast.
You visited 1 branch of the dungeon, and saw 3 of its levels.

You collected 99 gold pieces.
You spent 55 gold pieces at shops.

Inventory:

Hand Weapons
 k - a +0 short sword of distortion
Missiles
 f - 2 javelins (quivered)
Armour
 e - a +2 robe of fire resistance (worn)
Talismans
 c - a beast talisman (active)
 d - a flux talisman
Scrolls
 g - 3 scrolls of identify {unknown}
 h - a scroll of enchant armour {unknown}
 o - a scroll of enchant weapon {unknown}
Potions
 a - 2 potions of haste {unknown}
 b - a potion of lignification
 i - a potion of curing {unknown}
 j - a potion of degeneration {unknown}
 l - a potion of berserk rage {unknown}
 m - a potion of ambrosia {unknown}
 n - a potion of mutation {unknown}


   Skills:
 * Level 1.3 Fighting
 * Level 2.2 Dodging
 + Level 0.5 Stealth
 * Level 4.1 Unarmed Combat
 * Level 0.5 Spellcasting
 * Level 3.1 Shapeshifting


You had 4 spell levels left.
You didn't know any spells.
Your spell library was empty.

Dungeon Overview and Level Annotations

Branches:
Dungeon (3/15)

Shops:
D:1 [


Innate Abilities, Weirdness & Mutations

You are a hulking beast.
Your limbs bulge with bestial killing power. (Slay +1)
You have an increased reservoir of magic. (+10% MP)
You shall have no god before yourself.
Your divine heritage dramatically boosts your attributes as you level up.


Message History

You throw a javelin.
The javelin pierces through the frilled lizard.
You kill the frilled lizard!
The javelin pierces through the orc wizard.
The orc wizard is lightly wounded.
The orc hits you from afar with a +0 trident.
The orc wizard zaps a wand.
The roots erupt in riotous growth!
The grasping roots grab you! The grasping roots constrict you!
The orc hits you from afar with a +0 trident.
You escape the roots grasp.
The orc wizard points at you and mumbles some strange words.
The magic dart hits you. The orc hits you with a +0 trident.
* * * LOW HITPOINT WARNING * * *
You barely miss the orc. The orc hits you with a +0 trident.
* * * LOW HITPOINT WARNING * * *
You hit the orc.
The orc is severely wounded.
You punch the orc!
You kill the orc!
The orc wizard gestures wildly while chanting.
The orc wizard flickers and vanishes!
Deactivating autopickup; reactivate with Ctrl-A.
Throw: 3 javelins
Press: ? - help, Q - select action Shift-Dir - straight line, f - ribbon worm
Aim: a ribbon worm (77% to hit)
You throw a javelin.
The javelin pierces through the ribbon worm.
The ribbon worm is moderately wounded.
You hit the ribbon worm.
The ribbon worm is heavily wounded.
The ribbon worm bites you.
* * * LOW HITPOINT WARNING * * *
You punch the ribbon worm!
The ribbon worm is almost dead.
You hit the ribbon worm.
You kill the ribbon worm!
You barely miss something. Something hits you.
You die...

######## #......#
###### #......# #....#
#......# #.##.#
#......# ###
#..#.####......#
..#######.#....)......#
..........######h######
#.######### #†#
#.####.. #)#
......B..........#
##############.#..
....... #.#.## #.####.
# ... .# .(. # ##.


There were no monsters in sight!

Vanquished Creatures
  An orc wizard (D:3)
  3 adders (D:2)
  A ribbon worm (D:3)
  3 dart slugs (D:1)
  10 orcs
  5 ball pythons
  3 endoplasms (D:1)
  2 giant cockroaches
  4 goblins
  3 hobgoblins
  2 kobolds
  A quokka (D:2)
  5 bats
  4 frilled lizards
  8 rats
55 creatures vanquished.

Notes
Turn   | Place    | Note
-------+----------+-------------------------------------------
     0 | D:1      | Ekaitz the Demigod Shapeshifter began the quest for the
                  | Orb.
     0 | D:1      | Reached XP level 1. HP: 15/15 MP: 3/3
   369 | D:1      | Reached skill level 3 in Unarmed Combat
   369 | D:1      | Reached XP level 2. HP: 11/22 MP: 4/4
   616 | D:1      | Reached skill level 1 in Fighting
   634 | D:1      | Found Finafrateass's Antique Armour Boutique.
   894 | D:2      | Reached XP level 3. HP: 2/28 MP: 6/6
   894 | D:2      | HP: 1/28 [poisoned by an adder]
  1010 | D:1      | Bought an embroidered robe for 55 gold pieces
  1638 | D:3      | Reached XP level 4. HP: 35/35 MP: 7/7
  1649 | D:3      | Reached skill level 4 in Unarmed Combat
  1684 | D:3      | HP: 1/35 [ribbon worm (4)]
  1687 | D:3      | Slain by an orc wizard

Illustrated notes

Levels and vault maps discovered:
D:1:      lemuel_arrival_broad_hall, layout_basic, serial_shops,
          nicolae_shop_crystal
D:2:      layout_rooms
D:3:      minmay_door_path, layout_basic, minivault_4, uniq_terence

Skill      XL: |  1  2  3  4 |
---------------+-------------+-----
Unarmed Combat | 3 4 |  4.1
Dodging        | 2 |  2.2
Fighting       | 1 |  1.3
Shapeshifting  | 3 |  3.1
Stealth        | |  0.5
Spellcasting   | |  0.5

Action                     |  1- 3 |  4- 6 || total
---------------------------+-------+-------++-------
  Melee: Unarmed           |   123 |    31 ||   154
         Punch             |       |     1 ||     1
  Throw: Javelin           |     2 |     2 ||     4
    Use: Potion            |     2 |       ||     2
   Stab: Sleeping          |     3 |       ||     3
         Distracted        |     1 |       ||     1
 Armour: Animal skin       |    20 |       ||    20
         Robe              |    24 |    12 ||    36
  Dodge: Dodged            |    75 |    11 ||    86
   Form: Beast             |     1 |       ||     1
